 Seeded DCSS version 0.30-a0-879-ga8ba668304 (webtiles) character file.

Game seed: 4654109542174074001 (custom seed)

31602 DiggyJ the Blocker (level 13, -6/157 HPs)
             Began as a Gnoll Fighter on Mar 14, 2023.
             Was an Initiate of Gozag.
             Mangled by a 14-headed hydra (12 damage)
             ... on level 4 of the Lair of Beasts.
             The game lasted 00:46:27 (15006 turns).

DiggyJ the Blocker (Gnoll Fighter)                 Turns: 15006, Time: 00:46:29

Health: -6/157     AC: 28    Str: 35    XL:     13   Next: 59%
Magic:  14/14      EV: 13    Int:  7    God:    Gozag
Gold:   1326       SH:  8    Dex: 18    Spells: 29/29 levels left

rFire   + + .      SeeInvis +    h - +7 long sword of Domination {speed, MP-9 Str+5 Dex+6}
rCold   . . .      Faith    .    c - +1 buckler
rNeg    . . .      Spirit   .    k - +0 plate armour
rPois   .          Reflect  .    (no helmet)
rElec   +          Rampage  +    L - +1 cloak
rCorr   .                        F - +2 pair of gloves
Will    .....                    T - +0 pair of boots {rampage} Stlth
                                 i - amulet of regeneration
HPRegen 1.26/turn                f - +6 ring of strength
MPRegen 0.14/turn                N - ring "Lofukh" {rElec rF+ AC+4 Str+3}

@: berserking, very quick
A: fangs 1, strong nose, distributed training, iridescent scales 1, see
invisible, fire resistance 1, low MP 1
a: Renounce Religion, Potion Petition, Call Merchant, Bribe Branch


You were on level 4 of the Lair of Beasts.
You worshipped Gozag.
Gozag was most pleased with you.
You visited 3 branches of the dungeon, and saw 15 of its levels.
You also visited: Sewer and Ossuary.

You collected 4274 gold pieces.
You spent 364 gold pieces at shops.
You paid 2584 gold pieces to Gozag.

Inventory:

Hand Weapons
 a - a +1 war axe
 h - the +7 long sword of Domination (weapon) {speed, MP-9 Str+5 Dex+6}
   (You found it on level 3 of the Lair of Beasts)

   Str:       It affects your strength (+5).
   Dex:       It affects your dexterity (+6).
   MP:        It affects your magic capacity (-9).
 K - a +0 hand axe of venom
Missiles
 r - 4 atropa-tipped darts
Armour
 c - a +1 buckler (worn)
 k - a +0 plate armour (worn)
 l - a +2 pair of gloves
 F - a +2 pair of gloves (worn)
 L - a +1 cloak (worn)
 T - a +0 pair of boots of rampaging (worn)
Jewellery
 f - a +6 ring of strength (left hand)
 i - an amulet of regeneration (around neck)
 j - an amulet of guardian spirit
 n - a ring of positive energy
 E - a ring of protection from fire
 N - the ring "Lofukh" (right hand) {rElec rF+ AC+4 Str+3}
   (You found it on level 7 of the Dungeon)

   [ring of protection]

   AC:        It affects your AC (+4).
   Str:       It affects your strength (+3).
   rF:        It protects you from fire.
   rElec:     It insulates you from electricity.
 Q - a ring of flight
 Y - a +6 ring of intelligence
Wands
 g - a wand of paralysis (19) (quivered)
 B - a wand of flame (21)
 J - a wand of roots (10)
 R - a wand of digging (6)
 S - a wand of mindburst (5)
 U - a wand of quicksilver (7)
Scrolls
 p - 4 scrolls of enchant weapon
 q - 5 scrolls of enchant armour
 v - 5 scrolls of immolation
 w - 2 scrolls of poison {unknown}
 x - 2 scrolls of vulnerability
 z - 2 scrolls of magic mapping {unknown}
 A - 7 scrolls of identify
 C - a scroll of fear
 G - 4 scrolls of blinking {unknown}
 I - 7 scrolls of teleportation
 M - a scroll of summoning {unknown}
 P - a scroll of amnesia {unknown}
 X - a scroll of fog {unknown}
Potions
 b - a potion of heal wounds
 d - a potion of might
 e - 4 potions of attraction
 o - 3 potions of curing
 s - a potion of degeneration {unknown}
 t - 9 potions of haste {unknown}
 u - 6 potions of invisibility {unknown}
 D - a potion of ambrosia {unknown}
 H - 3 potions of cancellation {unknown}
 O - 3 potions of flight {unknown}
 V - 2 potions of brilliance
 W - a potion of lignification {unknown}
 Z - a potion of mutation


   Skills:
 + Level 10.9 Fighting
 + Level 8.7 Short Blades
 + Level 8.7 Long Blades
 + Level 9.9 Axes
 + Level 8.7 Maces & Flails
 + Level 8.7 Polearms
 + Level 8.7 Staves
 + Level 8.7 Ranged Weapons
 + Level 8.7 Throwing
 + Level 10.9 Armour
 + Level 8.7 Dodging
 + Level 8.7 Stealth
 + Level 10.9 Shields
 + Level 8.7 Unarmed Combat
 + Level 8.7 Spellcasting
 + Level 7.3 Conjurations
 + Level 7.3 Hexes
 + Level 7.3 Summonings
 + Level 7.3 Necromancy
 + Level 7.3 Translocations
 + Level 7.3 Transmutations
 + Level 7.3 Fire Magic
 + Level 7.3 Ice Magic
 + Level 7.3 Air Magic
 + Level 7.3 Earth Magic
 + Level 7.3 Poison Magic
 + Level 9.5 Invocations
 + Level 8.7 Evocations


You had 29 spell levels left.
You didn't know any spells.
Your spell library contained the following spells:

 Spells                   Type           Power      Damage    Failure   Level
 Sandblast                Erth           26%        2d8       6%          1
 Cigotuvi's Dreadful Rot  Necr/Pois/Air  26%        N/A       10%         2
 Passwall                 Tmut/Erth      10%        N/A       10%         2
 Ignite Poison            Fire/Tmut/Pois 13%        N/A       19%         3
 Kindle Blastsparks       Fire/Tloc/Air  26%        2d12      19%         3
 Stone Arrow              Conj/Erth      26%        3d8       19%         3
 Animate Armour           Summ/Erth      26%        N/A       52%         4
 Dispel Undead            Necr           13%        3d9       52%         4
 Blade Hands              Tmut           6%         N/A       86%         5
 Freezing Cloud           Conj/Ice/Air   6%         6-21      86%         5
 Death Channel            Necr           6%         N/A       100%        6
 Iron Shot                Conj/Erth      6%         9d2       100%        6
 Lehudib's Crystal Spear  Conj/Erth      6%         10d3      100%        8


Dungeon Overview and Level Annotations

Branches:
Dungeon (10/15)            Temple (1/1) D:7            Lair (4/5) D:10
 Shoals (0/4) Lair:2        Snake (0/4) Lair:2        Slime (0/5) Lair:4
  Sewer (visited)         Ossuary (visited)
    Orc: D:9-12

Altars:
Ashenzari
Cheibriados
Dithmenos
Elyvilon
Fedhas
Gozag
Hepliaklqana
Kikubaaqudgha
Makhleb
Nemelex Xobeh
Okawaru
Qazlal
Ru
Sif Muna
Trog
Uskayaw
Vehumet
Wu Jian
Xom
Yredelemnul
Zin
The Shining One

Shops:
D:1 [   D:5 !   D:6 (   D:10 *   Lair:1 :

Portals:
Trove: D:10 (give +2 storm dragon scales)


Innate Abilities, Weirdness & Mutations

You have very sharp teeth.
Your uncanny sense of smell can sniff out nearby items.
Your experience applies equally to all skills.
You are partially covered in iridescent scales. (AC +2)
You have supernaturally acute eyesight. (SInv)
Your flesh is heat resistant. (rF+)
Your magical capacity is low. (-10% MP)


Message History

The 12-headed hydra is lightly wounded.
The 12-headed hydra bites you! x2; You block the 12-headed hydra's attack.
The 12-headed hydra barely misses you. The 12-headed hydra closely misses you.
The 12-headed hydra bites you but does no damage.
The 12-headed hydra closely misses you. The 12-headed hydra bites you! x2
The 12-headed hydra bites you but does no damage. x3
You hack one of the 12-headed hydra's heads off!
The 11-headed hydra grows two more!
You slash the 13-headed hydra!
The 13-headed hydra is lightly wounded.
You hack one of the 13-headed hydra's heads off!
The 12-headed hydra grows two more!
You slash the 14-headed hydra! You bite the 14-headed hydra.
The 14-headed hydra is lightly wounded.
The 14-headed hydra completely misses you.
The 14-headed hydra closely misses you. You block the 14-headed hydra's attack.
The 14-headed hydra closely misses you. x2
The 14-headed hydra bites you but does no damage. x2
The 14-headed hydra bites you. The 14-headed hydra bites you!
* * * LOW HITPOINT WARNING * * *
The 14-headed hydra bites you!
* * * LOW HITPOINT WARNING * * *
The 14-headed hydra bites you.
* * * LOW HITPOINT WARNING * * *
You block the 14-headed hydra's attack.
The 14-headed hydra bites you but does no damage. x2
A red film seems to cover your vision as you go berserk!
You feel yourself moving faster!
You feel mighty!
The 14-headed hydra bites you but does no damage.
The 14-headed hydra closely misses you. The 14-headed hydra bites you!
* * * LOW HITPOINT WARNING * * *
The 14-headed hydra bites you.
* * * LOW HITPOINT WARNING * * *
The 14-headed hydra closely misses you. You block the 14-headed hydra's attack.
The 14-headed hydra misses you.
The 14-headed hydra bites you but does no damage. x3
The 14-headed hydra barely misses you. You block the 14-headed hydra's attack.
The 14-headed hydra bites you but does no damage.
The 14-headed hydra bites you!
You die...
Your body crumbles into a pile of gold.

###......
###........###......[. #
#.#.........###.......
#.#............P........
##......................
#.......................
#...........(.#.........
............##..........
......D@................
#...........P...........
##........##......#.#...
###P..#.#####.###.#####
####### ### ###


You could see a 14-headed hydra.

Vanquished Creatures
  The ghost of mandoloar the Thaumaturge, a journeyman GnAE of Vehumet (Lair:2)
  A boulder beetle (Lair:2)
  3 two-headed ogres
  Sonja (Lair:3)
  Lodul (D:10)
  5 elephants
  Maurice (D:8)
  4 black mambas
  A merfolk siren (Lair:2)
  Joseph (D:8)
  9 cane toads
  3 rime drakes (Lair:2)
  4 komodo dragons
  An unseen horror (D:10)
  3 hornets
  15 blink frogs
  Sigmund (D:3)
  43 yaks
  6 basilisks
  4 wyverns
  14 water moccasins
  2 ice beasts
  A black bear (D:10)
  2 orc warriors (D:10)
  A sky beast (D:6)
  10 ogres
  5 wolves (Lair:2)
  A centaur (D:8)
  6 kobold brigands
  18 bullfrogs
  11 scorpions
  A gnoll sergeant (D:6)
  3 wights (D:10)
  12 killer bees
  8 howler monkeys
  3 centaur zombies (Ossuary)
  A hound (D:6)
  2 jellies
  Crazy Yiuf (D:7)
  A human zombie (Ossuary)
  5 orc priests
  A sleepcap (D:6)
  A gnoll bouda (D:7)
  3 iguanas
  Natasha (thrice) (D:3)
  10 orc wizards
  2 scorpion zombies (Ossuary)
  3 mummies (Ossuary)
  9 gnolls
  7 adders
  A river rat (D:6)
  2 white imps
  2 ufetubi
  3 worms
  4 dart slugs
  33 orcs
  10 ball pythons
  8 bats
  10 endoplasms
  3 giant cockroaches
  A gnoll zombie (Ossuary)
  11 hobgoblins
  A jackal (D:4)
  23 kobolds
  11 quokkas
  6 frilled lizards
  5 goblins
  3 goblin zombies (Ossuary)
  A hobgoblin zombie (Ossuary)
  4 kobold zombies (Ossuary)
  3 orc zombies (Ossuary)
  10 rats
410 creatures vanquished.

Vanquished Creatures (others)
  17 fungi
  35 plants
52 creatures vanquished.

Grand Total: 462 creatures vanquished

Notes
Turn   | Place    | Note
-------+----------+-------------------------------------------
     0 | D:1      | DiggyJ the Gnoll Fighter began the quest for the Orb.
     0 | D:1      | Reached XP level 1. HP: 23/23 MP: 1/1
    98 | D:1      | Reached XP level 2. HP: 29/29 MP: 2/2
   270 | D:1      | Found Uthrumna's Armour Shoppe.
   608 | D:1      | Gained mutation: Your magical capacity is low. (-10% MP)
                  | [potion of mutation]
   608 | D:1      | Gained mutation: You are frail. (-10% HP) [potion of
                  | mutation]
   608 | D:1      | Gained mutation: You possess an exceptional clarity of
                  | mind. [potion of mutation]
   608 | D:1      | Gained mutation: You are agile. (Dex +4, Str/Int -1)
                  | [potion of mutation]
   874 | D:2      | Reached XP level 3. HP: 28/31 MP: 3/3
  1114 | D:2      | Reached skill level 1 in Invocations
  1267 | D:2      | Reached skill level 1 in Short Blades
  1267 | D:2      | Reached skill level 1 in Long Blades
  1267 | D:2      | Reached skill level 1 in Maces & Flails
  1267 | D:2      | Reached skill level 1 in Polearms
  1267 | D:2      | Reached skill level 1 in Staves
  1267 | D:2      | Reached skill level 1 in Ranged Weapons
  1267 | D:2      | Reached skill level 1 in Throwing
  1267 | D:2      | Reached skill level 1 in Dodging
  1267 | D:2      | Reached skill level 1 in Stealth
  1267 | D:2      | Reached skill level 1 in Unarmed Combat
  1267 | D:2      | Reached skill level 1 in Spellcasting
  1267 | D:2      | Reached skill level 1 in Evocations
  1793 | D:2      | Reached XP level 4. HP: 31/36 MP: 5/5
  1798 | D:2      | Reached skill level 1 in Conjurations
  1798 | D:2      | Reached skill level 1 in Hexes
  1798 | D:2      | Reached skill level 1 in Summonings
  1798 | D:2      | Reached skill level 1 in Necromancy
  1798 | D:2      | Reached skill level 1 in Translocations
  1798 | D:2      | Reached skill level 1 in Transmutations
  1798 | D:2      | Reached skill level 1 in Fire Magic
  1798 | D:2      | Reached skill level 1 in Ice Magic
  1798 | D:2      | Reached skill level 1 in Air Magic
  1798 | D:2      | Reached skill level 1 in Earth Magic
  1798 | D:2      | Reached skill level 1 in Poison Magic
  1837 | D:3      | Reached XP level 5. HP: 42/42 MP: 6/6
  1852 | D:3      | Noticed Sigmund
  1854 | D:3      | Found a white marble altar of Elyvilon.
  1913 | D:3      | Killed Sigmund
  1914 | D:3      | Reached skill level 5 in Axes
  1914 | D:3      | Reached XP level 6. HP: 47/47 MP: 6/8
  1999 | D:3      | Identified the +3 robe of the Falcon {Harm Will+ Int-5
                  | SInv}
  2082 | D:3      | Noticed Natasha
  2099 | D:3      | Killed Natasha
  2124 | D:3      | Noticed Natasha
  2132 | D:3      | Killed Natasha
  2176 | D:3      | Noticed Natasha
  2183 | D:3      | Killed Natasha
  2633 | D:4      | Reached XP level 7. HP: 54/54 MP: 9/9
  2719 | D:4      | Found an opulent altar of Gozag.
  2730 | D:4      | Became a worshipper of Gozag Ym Sagoz the Greedy
  3049 | D:4      | Identified the +7 mace "Vurytigo" {flame, SInv}
  3370 | D:5      | Entered Level 5 of the Dungeon
  3390 | D:5      | Noticed a hornet
  3395 | D:5      | Paralysed by a hornet for 3 turns
  3398 | D:5      | Killed a hornet
  3469 | D:5      | Found a sand-covered staircase.
  3469 | D:5      | Identified the +1 ring mail of the Old and Reckless {rC+
                  | Str-3 Dex+4}
  3510 | Ossuary  | Entered an ossuary
  3511 | Ossuary  | Lost mutation: You possess an exceptional clarity of mind.
                  | [potion of mutation]
  3511 | Ossuary  | Lost mutation: Your magical capacity is low. (-10% MP)
                  | [potion of mutation]
  3511 | Ossuary  | Lost mutation: You are frail. (-10% HP) [potion of
                  | mutation]
  3511 | Ossuary  | Gained mutation: Your flesh is heat resistant. (rF+)
                  | [potion of mutation]
  3511 | Ossuary  | Gained mutation: You expend magic power (3 MP) to
                  | strengthen your wands. [potion of mutation]
  3511 | Ossuary  | Gained mutation: Your spells are a little harder to cast,
                  | but a little more powerful. [potion of mutation]
  3566 | Ossuary  | Reached XP level 8. HP: 66/67 MP: 12/12
  3960 | D:5      | Found Ilufor's Distillery.
  4001 | D:5      | Lost mutation: You expend magic power (3 MP) to strengthen
                  | your wands. [potion of mutation]
  4001 | D:5      | Lost mutation: Your spells are a little harder to cast, but
                  | a little more powerful. [potion of mutation]
  4001 | D:5      | Gained mutation: You passively map a small area around you.
                  | [potion of mutation]
  4001 | D:5      | Gained mutation: You have sharp toenails. [potion of
                  | mutation]
  4704 | D:6      | Found a glowing drain.
  4708 | Sewer    | Entered a sewer
  4946 | Sewer    | Reached XP level 9. HP: 60/73 MP: 14/14
  5512 | D:6      | Reached skill level 5 in Invocations
  5847 | D:6      | Bought a runed hand axe for 192 gold pieces
  6132 | D:7      | Identified the ring "Lofukh" {rElec rF+ AC+4 Str+3}
  6159 | D:7      | Lost mutation: You are agile. (Dex +4, Str/Int -1) [potion
                  | of mutation]
  6159 | D:7      | Lost mutation: Your flesh is heat resistant. (rF+) [potion
                  | of mutation]
  6159 | D:7      | Lost mutation: You passively map a small area around you.
                  | [potion of mutation]
  6159 | D:7      | Gained mutation: Your body sometimes deteriorates upon
                  | taking damage. [potion of mutation]
  6159 | D:7      | Lost mutation: Your body sometimes deteriorates upon taking
                  | damage. [potion of mutation]
  6159 | D:7      | Gained mutation: Your mind is acute. (Int +4, Str/Dex -1)
                  | [potion of mutation]
  6200 | D:7      | Found a staircase to the Ecumenical Temple.
  6211 | Temple   | Entered the Ecumenical Temple
  6646 | D:7      | Found a runed translucent door.
  6647 | D:7      | Noticed Crazy Yiuf
  6716 | D:7      | Killed Crazy Yiuf
  6986 | D:8      | Reached skill level 5 in Short Blades
  6986 | D:8      | Reached skill level 5 in Long Blades
  6986 | D:8      | Reached skill level 5 in Maces & Flails
  6986 | D:8      | Reached skill level 5 in Polearms
  6986 | D:8      | Reached skill level 5 in Staves
  6986 | D:8      | Reached skill level 5 in Ranged Weapons
  6986 | D:8      | Reached skill level 5 in Throwing
  6986 | D:8      | Reached skill level 5 in Dodging
  6986 | D:8      | Reached skill level 5 in Stealth
  6986 | D:8      | Reached skill level 5 in Unarmed Combat
  6986 | D:8      | Reached skill level 5 in Spellcasting
  6986 | D:8      | Reached skill level 5 in Evocations
  6986 | D:8      | Reached XP level 10. HP: 68/81 MP: 17/17
  7204 | D:8      | Noticed Maurice
  7240 | D:8      | Killed Maurice
  7424 | D:8      | Noticed Joseph
  7437 | D:8      | Killed Joseph
  7481 | D:8      | Found a flagged portal.
  7802 | D:9      | Noticed a two-headed ogre
  7803 | D:9      | Found a burning altar of Makhleb.
  7817 | D:9      | Killed a two-headed ogre
  8139 | D:9      | Reached skill level 5 in Conjurations
  8139 | D:9      | Reached skill level 5 in Hexes
  8139 | D:9      | Reached skill level 5 in Summonings
  8139 | D:9      | Reached skill level 5 in Necromancy
  8139 | D:9      | Reached skill level 5 in Translocations
  8139 | D:9      | Reached skill level 5 in Transmutations
  8139 | D:9      | Reached skill level 5 in Fire Magic
  8139 | D:9      | Reached skill level 5 in Ice Magic
  8139 | D:9      | Reached skill level 5 in Air Magic
  8139 | D:9      | Reached skill level 5 in Earth Magic
  8139 | D:9      | Reached skill level 5 in Poison Magic
  8142 | D:9      | Reached XP level 11. HP: 51/89 MP: 20/20
  8472 | D:9      | Found a shadowy altar of Dithmenos.
  8492 | D:9      | Found a sparkling altar of Nemelex Xobeh.
  8969 | D:10     | Entered Level 10 of the Dungeon
  8977 | D:10     | Noticed a two-headed ogre
  8991 | D:10     | Killed a two-headed ogre
  8996 | D:10     | Bought a +0 pair of boots of rampaging for 172 gold pieces
  9184 | D:10     | Noticed a two-headed ogre
  9202 | D:10     | Killed a two-headed ogre
  9281 | D:10     | Found a staircase to the Lair.
  9602 | D:10     | Noticed Lodul
  9629 | D:10     | Killed Lodul
  9892 | D:10     | Found a portal to a secret trove of treasure.
 10169 | Lair:1   | Entered Level 1 of the Lair of Beasts
 10214 | Lair:1   | Reached XP level 12. HP: 15/97 MP: 22/22
 10909 | Lair:1   | Reached skill level 10 in Fighting
 10909 | Lair:1   | Reached skill level 10 in Armour
 10909 | Lair:1   | Reached skill level 10 in Shields
 11414 | Lair:2   | Noticed a boulder beetle
 12155 | Lair:2   | Found a runed translucent door.
 12157 | Lair:2   | Noticed mandoloar's ghost (journeyman GnAE)
 12200 | Lair:2   | Found a staircase to the Snake Pit.
 12585 | Lair:2   | Found a staircase to the Shoals.
 12732 | Lair:2   | Killed a boulder beetle
 13069 | Lair:2   | Killed mandoloar's ghost
 13321 | Lair:3   | Lost mutation: You have sharp toenails. [potion of
                  | mutation]
 13321 | Lair:3   | Lost mutation: Your mind is acute. (Int +4, Str/Dex -1)
                  | [potion of mutation]
 13321 | Lair:3   | Gained mutation: You are frail. (-10% HP) [potion of
                  | mutation]
 13321 | Lair:3   | Gained mutation: You have supernaturally acute eyesight.
                  | (SInv) [potion of mutation]
 13321 | Lair:3   | Gained mutation: You are occasionally teleported next to
                  | monsters. [potion of mutation]
 13321 | Lair:3   | Gained mutation: You have extremely sharp teeth. [potion of
                  | mutation]
 13369 | Lair:3   | Reached XP level 13. HP: 60/93 MP: 25/25
 13430 | Lair:3   | Identified the +7 long sword of Domination {speed, MP-9
                  | Str+5 Dex+6}
 13431 | Lair:3   | Lost mutation: You are frail. (-10% HP) [potion of
                  | mutation]
 13431 | Lair:3   | Lost mutation: You have extremely sharp teeth. [potion of
                  | mutation]
 13431 | Lair:3   | Lost mutation: You are occasionally teleported next to
                  | monsters. [potion of mutation]
 13431 | Lair:3   | Gained mutation: Your magical capacity is low. (-10% MP)
                  | [potion of mutation]
 13431 | Lair:3   | Gained mutation: You are partially covered in iridescent
                  | scales. (AC +2) [potion of mutation]
 13431 | Lair:3   | Gained mutation: Your flesh is heat resistant. (rF+)
                  | [potion of mutation]
 13628 | Lair:3   | Noticed Sonja
 13676 | Lair:3   | HP: 5/104 [asphyx]
 13679 | Lair:3   | Killed Sonja
 14357 | Lair:4   | Found a staircase to the Slime Pits.
 15006 | Lair:4   | HP: 6/157 [14-headed hydra (6)]
 15006 | Lair:4   | Mangled by a 14-headed hydra

Illustrated notes

Levels and vault maps discovered:
D:1:      eino_arrival_druids_welcome, layout_loops_corners, serial_shops, shop,
          st_stairs_5
D:2:      layout_basic, chequers_serial_rivers_micro_a
D:3:      layout_loops_ring, lemuel_round_altar, uniq_natasha, uniq_sigmund
D:4:      minmay_spotlight, layout_basic, grunt_gozag_breadcrumbs,
          minmay_misc_feat_roman, serial_bayou_crossing
D:5:      layout_basic, serial_shops, nicolae_shop_statue_plus,
          chequers_ossuary_entry_cave, hangedman_decor_clover_reticule
D:6:      layout_loops_ring, gup_sewer_entry_spiral
D:7:      layout_rooms, minmay_temple_entry_junction, uniq_crazy_yiuf_cottage
D:8:      layout_loops_corners, enter_bailey_4, uniq_joseph, uniq_maurice
D:9:      layout_layer_cave, bloody_makhleb, jmf_multi_god_temple
D:10:     layout_grid_maze, david_lair_generic, enter_trove_6, uniq_lodul
Temple:   minmay_temple_bridge_d
Lair:1:   layout_regular_city, grunt_megastairs_4, infiniplex_staircase_pool,
          serial_bayou_shore_a
Lair:2:   layout_loops_ring, minmay_shoals_entry_lonely_mermaid,
          minmay_snake_entry_six_corridors, ebering_ghost_reflecting_pool,
          chequers_serial_rivers_small_b
Lair:3:   layout_regular_city, uniq_sonja
Lair:4:   layout_cave_pods, slime_entry_1

Skill      XL: |  1  2  3  4  5  6  7  8  9 10 11 12 13 |
---------------+----------------------------------------+-----
Invocations    | 1 2 3 4 5 6 7 8 9 |  9.5
Short Blades   | 1 2 3 5 6 7 8 |  8.7
Long Blades    | 1 2 3 5 6 7 8 |  8.7
Maces & Flails | 1 2 3 5 6 7 8 |  8.7
Polearms       | 1 2 3 5 6 7 8 |  8.7
Staves         | 1 2 3 5 6 7 8 |  8.7
Ranged Weapons | 1 2 3 5 6 7 8 |  8.7
Throwing       | 1 2 3 5 6 7 8 |  8.7
Dodging        | 1 2 3 5 6 7 8 |  8.7
Stealth        | 1 2 3 5 6 7 8 |  8.7
Unarmed Combat | 1 2 3 5 6 7 8 |  8.7
Spellcasting   | 1 2 3 5 6 7 8 |  8.7
Evocations     | 1 2 3 5 6 7 8 |  8.7
Conjurations   | 1 2 3 4 5 6 7 |  7.3
Hexes          | 1 2 3 4 5 6 7 |  7.3
Summonings     | 1 2 3 4 5 6 7 |  7.3
Necromancy     | 1 2 3 4 5 6 7 |  7.3
Translocations | 1 2 3 4 5 6 7 |  7.3
Transmutations | 1 2 3 4 5 6 7 |  7.3
Fire Magic     | 1 2 3 4 5 6 7 |  7.3
Ice Magic      | 1 2 3 4 5 6 7 |  7.3
Air Magic      | 1 2 3 4 5 6 7 |  7.3
Earth Magic    | 1 2 3 4 5 6 7 |  7.3
Poison Magic   | 1 2 3 4 5 6 7 |  7.3
Axes           | 5 6 7 8 9 |  9.9
Fighting       | 7 8 9 10 | 10.9
Armour         | 7 8 9 10 | 10.9
Shields        | 7 8 9 10 | 10.9

Action                     |  1- 3 |  4- 6 |  7- 9 | 10-12 | 13-15 || total
---------------------------+-------+-------+-------+-------+-------++-------
  Melee: War axe           |    74 |   102 |   300 |       |       ||   476
         Bite              |     6 |    10 |    40 |   102 |    48 ||   206
         Kick              |       |       |    70 |    61 |       ||   131
         Hand axe          |       |       |    85 |   818 |    12 ||   915
         Long sword        |       |       |       |       |   257 ||   257
 Invoke: Call Merchant     |       |       |     1 |     2 |       ||     3
  Evoke: Wand              |       |     2 |       |       |       ||     2
    Use: Potion            |     6 |       |     3 |     7 |     5 ||    21
         Scroll            |     5 |       |     3 |     1 |       ||     9
   Stab: Paralysed         |       |     5 |       |       |       ||     5
         Distracted        |       |       |     4 |     1 |     1 ||     6
         Sleeping          |       |       |       |     2 |       ||     2
 Armour: Scale mail        |    44 |    36 |   192 |   395 |       ||   667
         Plate armour      |       |       |       |   121 |   182 ||   303
  Dodge: Dodged            |    32 |    41 |   225 |   374 |   144 ||   816
  Block: Buckler           |    25 |    31 |   148 |   273 |   121 ||   598

Table legend: (Time is in decaauts)
 A = Elapsed time spent in this place.
 B = Non-inter-level travel time spent in this place.
 C = Inter-level travel time spent in this place.
 D = Time resting spent in this place.
 E = Time spent auto-exploring this place.
 F = Levels seen in this place.
 G = Mean time per level.
                   A        B        C        D        E       F      G
               +--------+--------+--------+--------+--------+-----+--------+
         Total |  15132 |  14621 |    511 |    968 |   8747 |  17 |  890.1 |
       Dungeon |   9369 |   8903 |    466 |    230 |   5964 |  10 |  936.9 |
        Temple |    234 |    226 |      8 |      0 |    212 |   1 |  234.0 |
          Lair |   4733 |   4696 |     37 |    738 |   2386 |   4 | 1183.2 |
         Sewer |    391 |    391 |      0 |      0 |    129 |   1 |  391.0 |
       Ossuary |    402 |    402 |      0 |      0 |     56 |   1 |  402.0 |
               +--------+--------+--------+--------+--------+-----+--------+

Top non-repeatable levels by time:
  Lair:2: 1809 daAuts
    D:10: 1191 daAuts
     D:9: 1168 daAuts
  Lair:1: 1127 daAuts
  Lair:3: 1034 daAuts
     D:8: 992 daAuts
     D:2: 982 daAuts
     D:6: 943 daAuts
     D:5: 885 daAuts
     D:1: 881 daAuts
     D:4: 819 daAuts
     D:3: 793 daAuts
  Lair:4: 762 daAuts
     D:7: 711 daAuts
 Ossuary: 402 daAuts
